 Dungeon Crawl Stone Soup version 0.19.3-1-g3169bf9 (webtiles) character file.

686 Jynx the Chiller (level 7, -2/46 HPs)
             Began as a Demonspawn Ice Elementalist on Jan 23, 2017.
             Was a Follower of Kikubaaqudgha.
             Slain by an ogre
             ... wielding a +0 giant spiked club
              (9 damage)
             ... on level 5 of the Dungeon.
             The game lasted 00:13:10 (5451 turns).

Jynx the Chiller (Demonspawn Ice Elementalist)      Turns: 5451, Time: 00:13:10

Health: -2/46      AC: 15    Str:  8    XL:     7   Next: 35%
Magic:  0/12       EV: 14    Int: 17    God:    Kikubaaqudgha [*.....]
Gold:   153        SH:  0    Dex: 15    Spells: 4 memorised, 6 levels left

rFire  . . .     SeeInvis .     l - +2 dagger (protect)
rCold  . . .     Gourm    .     a - +0 robe
rNeg   . . .     Faith    .     (no shield)
rPois  +         Spirit   +     (helmet restricted)
rElec  .         Reflect  .     (no cloak)
rCorr  .         Harm     .     h - +0 pair of gloves
MR     +....                    (no boots)
Stlth  ++........               (no amulet)
                                u - ring of poison resistance
                                i - ring of protection from magic

@: icy armour, protection aura, slow
A: antennae 1, magic shield
a: Receive Corpses, Renounce Religion


You were on level 5 of the Dungeon.
You worshipped Kikubaaqudgha.
Kikubaaqudgha was aware of your devotion.
You were very hungry.

You visited 1 branch of the dungeon, and saw 5 of its levels.

You collected 153 gold pieces.

Inventory:

Hand Weapons
 l - a +2 dagger of protection (weapon)
 q - a +0 dagger of venom
Armour
 a - a +0 robe (worn)
 h - a +0 pair of gloves (worn)
Jewellery
 e - an uncursed ring of resist corrosion
 i - a ring of protection from magic (left hand)
 u - a ring of poison resistance (right hand)
Wands
 A - a wand of lightning (7/15)
Scrolls
 n - a scroll of enchant weapon {unknown}
 o - 2 scrolls of magic mapping
 s - 4 scrolls of remove curse
 t - 2 scrolls of recharging
 w - a scroll of identify
 y - a scroll of noise {unknown}
Potions
 f - a potion of haste
 j - a potion of might
 p - 2 potions of curing
 r - a potion of ambrosia {unknown}
 v - a potion of degeneration {unknown}
 z - a potion of lignification {unknown}
Books
 b - a book of Frost

   Spells                             Type                      Level
   a - Freeze                         Ice                          1
   b - Throw Frost                    Conjuration/Ice              2
   c - Ozocubu's Armour               Charms/Ice                   3
   d - Throw Icicle                   Conjuration/Ice              4
   e - Summon Ice Beast               Ice/Summoning                4
 d - a book of Maledictions

   Spells                             Type                      Level
   a - Corona                         Hexes                        1
   b - Ensorcelled Hibernation        Hexes/Ice                    2
   c - Confuse                        Hexes                        3
   d - Tukima's Dance                 Hexes                        3
   e - Dazzling Spray                 Conjuration/Hexes            3
 g - Kikubaaqudgha's Tome of Evil
   (Kikubaaqudgha gifted it to you on level 4 of the Dungeon)

   Spells                             Type                      Level
   a - Pain                           Necromancy                   1
   b - Corpse Rot                     Necromancy                   2
   c - Sublimation of Blood           Necromancy                   2
   d - Vampiric Draining              Necromancy                   3
   e - Control Undead                 Necromancy                   4
 x - a book of Misfortune

   Spells                             Type                      Level
   a - Confusing Touch                Hexes                        1
   b - Confuse                        Hexes                        3
   c - Gell's Gravitas                Hexes/Translocation          3
   d - Petrify                        Transmutation/Earth          4
   e - Metabolic Englaciation         Hexes/Ice                    5
   f - Yara's Violent Unravelling     Hexes/Transmutation          5
Comestibles
 c - 4 bread rations
 k - a meat ration


   Skills:
 + Level 3.5 Dodging
 + Level 3.5 Stealth
 + Level 3.6 Spellcasting
   Level 1.0 Conjurations
 + Level 2.6 Hexes
 + Level 0.7 Necromancy
 * Level 5.0 Ice Magic


You had 6 spell levels left.
You knew the following spells:

 Your Spells              Type           Power        Failure   Level  Hunger
a - Freeze                Ice            ###.         2%          1    None
b - Ensorcelled Hibernat  Hex/Ice        ###...       6%          2    ##.....
c - Ozocubu's Armour      Chrm/Ice       ##......     21%         3    ###....
d - Pain                  Necr           #...         14%         1    None


Dungeon Overview and Level Annotations

Branches:
Dungeon (5/15)
 Temple: D:4-7

Altars:
Cheibriados
Kikubaaqudgha
Okawaru

Annotations:
D:4 fatfloppyjuicyveiny's ghost, amateur KoHu


Innate Abilities, Weirdness & Mutations

You have a pair of small antennae on your head.
When hurt, damage is shared between your health and your magic reserves.


Message History

The ogre is moderately wounded.
The ogre closely misses you.
You hit the ogre.
The ogre is heavily wounded.
The ogre hits you but does no damage.
You completely miss the ogre.
The ogre is heavily wounded.
A centaur comes into view.
Casting: Freeze
Confirm with . or Enter, or press ? or * to list all spells.
Aiming: Freeze
Press: ? - help, Shift-Dir - straight line, f/p - ogre
Aim: an ogre, wielding a giant spiked club (heavily wounded)
You freeze the ogre.
The ogre is heavily wounded.
The centaur shouts!
The ogre misses you.
The ogre hits you with a giant spiked club!
You die...
Kikubaaqudgha rasps: "You have failed me!
Welcome... death!"

#........#
#........#
#........ ###
#.../..#
.(.##......# ...
....#......# ....
..'>..<..# ....
#......#.....
#.O@...#.....
#......P......
#.......PP...#
#........P....
#(.....PP.....
................
.................
.....?........###
#.####....#####


You could see an ogre.

Vanquished Creatures
  Sigmund (D:3)
  An ogre (D:4)
  A vampire bat (D:2)
  A crimson imp (D:3)
  2 orc priests
  A bullfrog zombie (D:5)
  A bullfrog skeleton (D:4)
  An orc wizard (D:3)
  A worker ant (D:4)
  3 adders
  8 gnolls
  An adder zombie (D:5)
  2 worms
  3 dart slugs
  2 leopard geckos
  12 orcs
  3 bat skeletons (D:2)
  A bat zombie (D:2)
  A giant cockroach (D:1)
  6 hobgoblins
  2 jackals (D:4)
  2 quokkas (D:2)
  5 bats
  A frilled lizard (D:1)
  7 goblins
  A jackal skeleton (D:4)
  5 kobolds
  7 rats
82 creatures vanquished.

Notes
Turn   | Place    | Note
-------+----------+-------------------------------------------
     0 | D:1      | Jynx the Demonspawn Ice Elementalist began the quest for the Orb.
     0 | D:1      | Reached XP level 1. HP: 13/13 MP: 3/3
   605 | D:1      | Gained mutation: When hurt, damage is shared between your health and your magic reserves. [demonic ancestry]
   605 | D:1      | Reached XP level 2. HP: 14/19 MP: 1/5
   927 | D:2      | Reached skill level 3 in Ice Magic
  1033 | D:2      | Learned a level 2 spell: Ensorcelled Hibernation
  1493 | D:2      | Reached XP level 3. HP: 6/24 MP: 0/6
  1855 | D:2      | Learned a level 3 spell: Ozocubu's Armour
  2185 | D:2      | Gained mutation: You have a pair of small antennae on your head. [demonic ancestry]
  2185 | D:2      | Reached XP level 4. HP: 14/30 MP: 0/7
  2472 | D:2      | Found an ancient bone altar of Kikubaaqudgha.
  2484 | D:2      | Became a worshipper of Kikubaaqudgha
  2646 | D:3      | Reached skill level 1 in Hexes
  2646 | D:3      | Reached skill level 4 in Ice Magic
  2646 | D:3      | Reached XP level 5. HP: 19/35 MP: 0/9
  3680 | D:3      | Noticed Sigmund
  3748 | D:3      | Killed Sigmund
  3748 | D:3      | Reached XP level 6. HP: 6/41 MP: 1/10
  4415 | D:4      | Reached * piety under Kikubaaqudgha
  4415 | D:4      | Identified Kikubaaqudgha's Tome of Evil (Kikubaaqudgha gifted it to you on level 4 of the Dungeon)
  4415 | D:4      | Received a gift from Kikubaaqudgha
  4421 | D:4      | Learned a level 1 spell: Pain
  4421 | D:4      | Found a snail-covered altar of Cheibriados.
  4775 | D:4      | Found an iron altar of Okawaru.
  4897 | D:4      | Reached XP level 7. HP: 28/46 MP: 5/12
  5042 | D:4      | Noticed fatfloppyjuicyveiny's ghost (amateur KoHu)
  5110 | D:4      | Reached skill level 5 in Ice Magic
  5364 | D:5      | Entered Level 5 of the Dungeon
  5451 | D:5      | Slain by an ogre

Skill      XL: |  1  2  3  4  5  6  7 |
---------------+----------------------+-----
Dodging        | 2 3 |  3.5
Ice Magic      | 3 4 5 |  5.0
Stealth        | 2 3 |  3.5
Hexes          | 1 2 |  2.6
Spellcasting   | 3 |  3.6
Conjurations   | |  1.0
Necromancy     | |  0.7

Action                   |  1- 3 |  4- 6 |  7- 9 || total
-------------------------+-------+-------+-------++-------
Melee: Dagger            |    72 |   156 |    43 ||   271
       Unarmed           |     1 |       |       ||     1
 Cast: Freeze            |    36 |    56 |    13 ||   105
       Ensorcelled Hiber |     3 |       |       ||     3
       Ozocubu's Armour  |     1 |     3 |     3 ||     7
       Pain              |       |     6 |       ||     6
  Use: Potion            |       |     3 |       ||     3
       Scroll            |       |     7 |       ||     7
 Stab: Sleeping          |     2 |     2 |       ||     4
  Eat: Chunk             |     4 |    10 |     1 ||    15
Armor: Robe              |    24 |    85 |    19 ||   128
Dodge: Dodged            |    55 |   161 |    37 ||   253
